[Event "Team 45 45 League T100"]
[Site "Internet Chess Club"]
[Date "2024.06.14"]
[Round "5"]
[White "smsxman"]
[Black "herrahuu"]
[Result "1-0"]
[WhiteElo "1377"]
[BlackElo "1331"]
[Opening "Caro-Kann defense"]
[ECO "B11"]
[Time "03:00:22"]
[PlyCount "39"]
[TimeControl "2700+45"]

1. e4 c6 2. Nc3 d5 3. exd5 cxd5 4. d4 Nf6 5. Bg5 e6 6. a3 Be7 7. Nf3 O-O 8. g3
Nc6 9. b4 Bd7 10. Bg2 Rc8 11. Bd2 a6 12. O-O b5 13. Re1 Qb6 14. Be3 Nxb4 15. Bd2
Nc6 16. Ne2 a5 17. c3 Ne4 18. Be3 Nd6 19. Ne5 Nxe5 20. dxe5 {Black resigns} 1-0

[Event "Team 45 45 League T100"]
[Site "Internet Chess Club"]
[Date "2024.06.13"]
[Round "5"]
[White "Gojira"]
[Black "fhunfi"]
[Result "0-1"]
[WhiteElo "1657"]
[BlackElo "1728"]
[Opening "Queen's pawn game"]
[ECO "D02"]
[Time "11:01:24"]
[PlyCount "62"]
[TimeControl "2700+45"]

1. d4 d5 2. Nf3 e6 3. c4 a6 4. Nc3 dxc4 5. a4 c5 6. e3 Nf6 7. Bxc4 cxd4 8. Nxd4
Nc6 9. Nxc6 Qxd1+ 10. Kxd1 bxc6 11. Ke2 a5 12. Rd1 Ba6 13. Bd3 Bxd3+ 14. Rxd3
Rd8 15. f3 Bc5 16. Bd2 Ke7 17. Rxd8 Rxd8 18. Ne4 Nxe4 19. fxe4 Rb8 20. Bc3 f6
21. Rc1 Bb4 22. Kd3 Bxc3 23. Kxc3 Rb4 24. b3 Rxe4 25. Kd3 Rb4 26. Rxc6 Rxb3+ 27.
Kd4 Ra3 28. Rc7+ Kf8 29. Rc4 Ra2 30. Ke4 Rxg2 31. Rc5 Rg4+ {White resigns} 0-1

[Event "Team 45 45 League T100"]
[Site "Internet Chess Club"]
[Date "2024.06.15"]
[Round "5"]
[White "evan7284"]
[Black "Rookmaster"]
[Result "1-0"]
[WhiteElo "1649"]
[BlackElo "1502"]
[Opening "Queen's Pawn"]
[ECO "A41"]
[Time "05:00:28"]
[PlyCount "101"]
[TimeControl "2700+45"]

1. d4 d6 2. Bf4 Nd7 3. Nf3 Ngf6 4. Nc3 c6 5. e4 Qa5 6. Bd3 e5 7. Bd2 Qc7 8. O-O
Be7 9. Ne2 h6 10. Ng3 Nf8 11. h3 Rg8 12. dxe5 dxe5 13. Bc3 Bd6 14. Nf5 Bxf5 15.
exf5 O-O-O 16. Re1 N8d7 17. Nd2 Rge8 18. Nc4 Nc5 19. Nxd6+ Qxd6 20. Bf1 Qc7 21.
Qf3 e4 22. Qe3 Qb6 23. Bd4 Rxd4 24. Qxd4 Rd8 25. Qc3 Na4 26. Qb3 Qxb3 27. axb3
Nb6 28. Rad1 Rxd1 29. Rxd1 Nbd5 30. c4 Nb4 31. g4 c5 32. Be2 Nc2 33. Rd2 Nd4 34.
b4 Nxe2+ 35. Rxe2 cxb4 36. Kg2 Kc7 37. Kg3 a5 38. b3 Kc6 39. h4 b5 40. cxb5+
Kxb5 41. g5 hxg5 42. hxg5 Nh5+ 43. Kg4 g6 44. f6 a4 45. bxa4+ Kxa4 46. Rxe4 Ka3
47. Re7 b3 48. Rxf7 b2 49. Ra7+ Kb4 50. Rb7+ Kc3 51. Rxb2 {Black resigns} 1-0

[Event "Team 45 45 League T100"]
[Site "Internet Chess Club"]
[Date "2024.06.14"]
[Round "5"]
[White "BlueStorm"]
[Black "BIRDSMAN"]
[Result "0-1"]
[WhiteElo "1521"]
[BlackElo "1422"]
[Opening "Queen's pawn game"]
[ECO "A45"]
[Time "18:04:11"]
[PlyCount "100"]
[TimeControl "2700+45"]

1. d4 Nf6 2. Qd3 d5 3. Nc3 e6 4. Bg5 Nbd7 5. e4 dxe4 6. Nxe4 Be7 7. Nxf6+ Nxf6
8. Nf3 O-O 9. h4 c5 10. O-O-O Qa5 11. Kb1 Rd8 12. c3 cxd4 13. cxd4 Bd7 14. h5 h6
15. Bd2 Qd5 16. Ne5 Bc6 17. Be3 a6 18. Nxf7 Kxf7 19. Qg6+ Kg8 20. Bxh6 Qe4+ 21.
Bd3 Qxg6 22. hxg6 gxh6 23. Bc4 Bd5 24. Bxd5 exd5 25. Rxh6 Kg7 26. Rdh1 Rh8 27.
Rxh8 Rxh8 28. Rxh8 Kxh8 29. f4 Ng4 30. Kc1 Bf6 31. Kd2 Bxd4 32. b3 Be3+ 33. Ke2
d4 34. f5 Kg7 35. Kd3 Kf6 36. Ke4 Nh6 37. a4 Nxf5 38. b4 Kxg6 39. b5 Nd6+ 40.
Kd3 axb5 41. axb5 Kf5 42. b6 Kf4 43. Ke2 Ke4 44. g3 d3+ 45. Kd1 Nb5 46. Ke1 Nc3
47. Kf1 d2 48. Kg2 d1=Q 49. g4 Qe2+ 50. Kh3 Bf4 {White resigns} 0-1

[Event "Team 45 45 League T100"]
[Site "Internet Chess Club"]
[Date "2024.06.17"]
[Round "5"]
[White "BrerRabbit"]
[Black "trogers41"]
[Result "1/2-1/2"]
[WhiteElo "1294"]
[BlackElo "1401"]
[Opening "Queen's pawn game"]
[ECO "A46"]
[Time "19:03:34"]
[PlyCount "88"]
[TimeControl "2700+45"]

1. d4 Nf6 2. Nf3 e6 3. g3 c5 4. Bg2 d5 5. O-O Be7 6. c4 cxd4 7. Qxd4 Nc6 8. Qd1
O-O 9. cxd5 Nxd5 10. a3 a5 11. Qc2 Qb6 12. e4 Nf6 13. Be3 Qc7 14. Nc3 Bd7 15.
Rfd1 Rad8 16. Nb5 Qb8 17. Bc5 Bxc5 18. Qxc5 Nxe4 19. Qc2 Nf6 20. Nd6 Nd5 21. Nc4
b5 22. Ncd2 Ne5 23. Nxe5 Qxe5 24. Nf3 Qf6 25. Rd2 Rc8 26. Qd1 Rc7 27. Rc1 Rxc1
28. Qxc1 Rc8 29. Qd1 Bc6 30. Nd4 h6 31. Nxc6 Rxc6 32. Bxd5 exd5 33. Qb3 Qe6 34.
Kg2 Qe4+ 35. Qf3 f5 36. Rxd5 g6 37. Rxb5 Rc2 38. Qxe4 fxe4 39. Re5 Rxb2 40. Rxe4
Ra2 41. a4 Kf7 42. Kf3 Kf6 43. h4 h5 44. Rf4+ Ke5 {Game drawn by mutual
agreement} 1/2-1/2

[Event "Team 45 45 League T100"]
[Site "Internet Chess Club"]
[Date "2024.06.14"]
[Round "5"]
[White "clarinetref"]
[Black "QuieroAprender"]
[Result "0-1"]
[WhiteElo "1502"]
[BlackElo "1721"]
[Opening "English opening"]
[ECO "A16"]
[Time "20:12:46"]
[PlyCount "56"]
[TimeControl "2700+45"]

1. c4 Nf6 2. Nc3 g6 3. b3 Bg7 4. Bb2 d6 5. d3 c6 6. e3 Bg4 7. Be2 Bxe2 8. Ngxe2
e5 9. O-O Nbd7 10. Ng3 O-O 11. Rb1 Ne8 12. e4 Nc7 13. Nce2 Ne6 14. Qd2 Qh4 15.
Bc1 Nf6 16. h3 Nd7 17. Qb4 Ndc5 18. Qc3 Nf4 19. Qd2 Rad8 20. Nxf4 exf4 21. Qxf4
Qxf4 22. Bxf4 Nxd3 23. Be3 b6 24. Rfd1 Nb4 25. a3 Nc2 26. Bf4 Nxa3 27. Bxd6 Nxb1
28. Rxb1 Rxd6 {White resigns} 0-1

[Event "Team 45 45 League T100"]
[Site "Internet Chess Club"]
[Date "2024.06.13"]
[Round "5"]
[White "garytd"]
[Black "RD1974"]
[Result "1-0"]
[WhiteElo "1521"]
[BlackElo "1556"]
[Opening "Sicilian: closed"]
[ECO "B23"]
[Time "18:00:45"]
[PlyCount "31"]
[TimeControl "2700+45"]

1. e4 c5 2. Nc3 e6 3. f4 d5 4. Nf3 dxe4 5. Nxe4 Nf6 6. Bb5+ Bd7 7. Qe2 Bc6 8.
Ne5 Nd5 9. Bxc6+ bxc6 10. d3 Bd6 11. Nxd6+ Qxd6 12. O-O O-O 13. b3 Nc3 14. Qf3
f6 15. Nc4 Nb5 16. Nxd6 {Black resigns} 1-0

[Event "Team 45 45 League T100"]
[Site "Internet Chess Club"]
[Date "2024.06.17"]
[Round "5"]
[White "mongmong"]
[Black "Electryon"]
[Result "1/2-1/2"]
[WhiteElo "1483"]
[BlackElo "1509"]
[Opening "Queen's pawn game"]
[ECO "A54"]
[Time "14:02:17"]
[PlyCount "113"]
[TimeControl "2700+45"]

1. d4 Nf6 2. Nf3 d6 3. c4 Nbd7 4. Nc3 e5 5. dxe5 dxe5 6. e4 c6 7. Bg5 Qc7 8. a3
a5 9. b3 Be7 10. Be2 O-O 11. Qc2 b5 12. O-O Ba6 13. Bxf6 Nxf6 14. Rfc1 b4 15.
axb4 axb4 16. Na4 c5 17. Rd1 Bb7 18. Nd2 Rfd8 19. f3 Nh5 20. Nf1 Bg5 21. Rxd8+
Rxd8 22. Rd1 Nf4 23. Nb2 Ne6 24. Rxd8+ Qxd8 25. Qd3 Nd4 26. Kf2 Bc6 27. Ne3 Bd7
28. Nd5 Qa5 29. g3 Qa2 30. Nb6 Be8 31. N6a4 Qxb3 32. Qxb3 Nxb3 33. Bd1 Bxa4 34.
Nxa4 Nd2 35. Nxc5 Nxc4 36. Nd3 Be7 37. Nc1 Bc5+ 38. Ke2 Na5 39. Nb3 Nxb3 40.
Bxb3 Kf8 41. Kd3 Ke7 42. Kc4 Bd6 43. Kd5 f6 44. h3 h5 45. g4 g6 46. Kc4 hxg4 47.
hxg4 Kf8 48. Kd5 Be7 49. Ke6 Bd8 50. Kd7 Bb6 51. Ke6 Kg7 52. Bd5 Bd4 53. Bb3 Bb6
54. Ke7 Bc5+ 55. Ke6 Bb6 56. Ke7 Bc5+ 57. Ke6 {Game drawn by mutual agreement}
1/2-1/2

[Event "Team 45 45 League T100"]
[Site "Internet Chess Club"]
[Date "2024.06.13"]
[Round "5"]
[White "VictorRed"]
[Black "elmaestro"]
[Result "0-1"]
[WhiteElo "1692"]
[BlackElo "1669"]
[Opening "Sicilian defense"]
[ECO "B20"]
[Time "21:03:01"]
[PlyCount "46"]
[TimeControl "2700+45"]

1. e4 c5 2. c4 Nc6 3. d3 g6 4. Nf3 Bg7 5. Nc3 d6 6. Be2 Nf6 7. O-O O-O 8. a3 a6
9. Rb1 Rb8 10. Nd5 e6 11. Nxf6+ Bxf6 12. Bh6 Re8 13. b4 b5 14. bxc5 dxc5 15. Bf4
e5 16. cxb5 axb5 17. Bg3 Bg4 18. Qd2 Bxf3 19. Bxf3 Nd4 20. Bd1 Ra8 21. Qc3 Qe7
22. f4 exf4 23. Bxf4 Ne2+ {White resigns} 0-1

[Event "Team 45 45 League T100"]
[Site "Internet Chess Club"]
[Date "2024.06.17"]
[Round "5"]
[White "burlap"]
[Black "vollmerj"]
[Result "0-1"]
[WhiteElo "1473"]
[BlackElo "1534"]
[Opening "Benko's opening"]
[ECO "A00"]
[Time "09:06:26"]
[PlyCount "80"]
[TimeControl "2700+45"]

1. g3 c5 2. Bg2 g6 3. Nf3 Bg7 4. O-O Nf6 5. Re1 O-O 6. e3 d5 7. d4 cxd4 8. exd4
Nc6 9. Nbd2 Bf5 10. c3 Re8 11. h3 Ne4 12. Nh4 Nxd2 13. Nxf5 gxf5 14. Bxd2 e5 15.
dxe5 Bxe5 16. Qc2 Qd7 17. Re2 Bg7 18. Rxe8+ Rxe8 19. Re1 Rxe1+ 20. Bxe1 d4 21.
cxd4 Nxd4 22. Qd1 Qb5 23. Bc3 Ne2+ 24. Kh2 Nxc3 25. Qd8+ Bf8 26. Qg5+ Bg7 27.
bxc3 b6 28. Qd8+ Bf8 29. Bd5 Qc5 30. Qg5+ Bg7 31. Qxf5 Qe7 32. Qc8+ Bf8 33. Qa6
Qc5 34. Bb7 Qxf2+ 35. Bg2 Bc5 36. h4 h5 37. Qxa7 Bd6 38. a4 Qxg3+ 39. Kg1 Bc5+
40. Kh1 Qxh4+ {White resigns} 0-1

[Event "Team 45 45 League T100"]
[Site "Internet Chess Club"]
[Date "2024.06.13"]
[Round "5"]
[White "fireball"]
[Black "Fulmar"]
[Result "1-0"]
[WhiteElo "1553"]
[BlackElo "1418"]
[Opening "Queen's pawn game"]
[ECO "A50"]
[Time "19:05:12"]
[PlyCount "85"]
[TimeControl "2700+45"]

1. d4 Nf6 2. c4 a6 3. Nc3 d5 4. Bf4 dxc4 5. a4 e6 6. e4 Bb4 7. f3 Nbd7 8. Qc2 c5
9. dxc5 Bxc5 10. Bxc4 Nb6 11. Rd1 Qe7 12. Bb3 O-O 13. Bg5 h6 14. Bh4 g5 15. Bf2
Bxf2+ 16. Qxf2 Qb4 17. Qc2 Bd7 18. Ne2 Rac8 19. O-O Qc5+ 20. Kh1 e5 21. Rc1 Qa5
22. Ra1 Rc7 23. Qd2 Rfc8 24. h4 Nh7 25. Qe3 Rc5 26. Nd5 Nxd5 27. Bxd5 Bc6 28.
Nc3 Bxd5 29. Nxd5 Qd8 30. Qb3 gxh4 31. Qxb7 Kf8 32. Qxa6 R5c6 33. Qd3 Rg6 34.
Qa3+ Kg7 35. Ne7 h3 36. Nxg6 hxg2+ 37. Kxg2 Qg5+ 38. Kh3 Qh5+ 39. Nh4 Ng5+ 40.
Kg3 Rc2 41. Rg1 Nxe4+ 42. fxe4 Qg5+ 43. Kh3 {Black forfeits on time} 1-0

[Event "Team 45 45 League T100"]
[Site "Internet Chess Club"]
[Date "2024.06.15"]
[Round "5"]
[White "Visin"]
[Black "seattleblues"]
[Result "0-1"]
[WhiteElo "1201"]
[BlackElo "1335"]
[Opening "Caro-Kann defense"]
[ECO "B11"]
[Time "07:01:33"]
[PlyCount "72"]
[TimeControl "2700+45"]

1. e4 c6 2. Nc3 d5 3. f4 dxe4 4. Nxe4 Bf5 5. Bd3 e6 6. Nf3 Be7 7. b3 Nd7 8. Bb2
Ngf6 9. Qe2 a5 10. O-O O-O 11. Kh1 Nc5 12. Nxc5 Bxc5 13. Bxf5 exf5 14. Qc4 Bb6
15. Rfe1 Ne4 16. d4 Re8 17. h3 Bc7 18. Ng5 Nxg5 19. fxg5 Qxg5 20. Rad1 Rad8 21.
Qf1 Qg3 22. Qg1 g6 23. c3 Rxe1 24. Rxe1 Bf4 25. Re2 Qd3 26. Qf1 g5 27. c4 h6 28.
Qe1 Kh7 29. Re7 Kg6 30. Rxb7 Bg3 31. Qg1 Re8 32. d5 Re1 33. Qxe1 Bxe1 34. Re7
Qf1+ 35. Kh2 f4 36. dxc6 Bg3# {White checkmated} 0-1

[Event "Team 45 45 League T100"]
[Site "Internet Chess Club"]
[Date "2024.06.13"]
[Round "5"]
[White "Kingofknights"]
[Black "noblitz-oblige"]
[Result "0-1"]
[WhiteElo "1503"]
[BlackElo "1520"]
[Opening "King's Indian: Sämisch, 5...O-O"]
[ECO "E81"]
[Time "20:30:27"]
[PlyCount "72"]
[TimeControl "2700+45"]

1. d4 Nf6 2. c4 g6 3. f3 Bg7 4. e4 d6 5. Nc3 O-O 6. Bg5 Nbd7 7. Bd3 c5 8. d5 Re8
9. Nh3 e6 10. Nf2 exd5 11. cxd5 Qc7 12. Qd2 a6 13. O-O Ne5 14. Be2 b5 15. Rfc1
Bb7 16. Rab1 Ned7 17. b3 Nb6 18. Ncd1 Qd7 19. Be3 Qe7 20. b4 Nfd7 21. bxc5 dxc5
22. Nd3 c4 23. Nb4 Rac8 24. Bd4 Bxd4+ 25. Qxd4 f5 26. Nf2 Qf6 27. Qxf6 Nxf6 28.
Rd1 fxe4 29. fxe4 Nxe4 30. Nxe4 Rxe4 31. Bf3 Re5 32. Bg4 Rf8 33. Nc6 Rg5 34.
Be6+ Kg7 35. Nd4 Nxd5 36. Nf3 Rxf3 {White resigns} 0-1

[Event "Team 45 45 League T100"]
[Site "Internet Chess Club"]
[Date "2024.06.15"]
[Round "5"]
[White "sdcohle"]
[Black "jjmolina1"]
[Result "1/2-1/2"]
[WhiteElo "1403"]
[BlackElo "1505"]
[Opening "Ruy Lopez: Anderssen variation"]
[ECO "C77"]
[Time "12:01:25"]
[PlyCount "92"]
[TimeControl "2700+45"]

1. e4 e5 2. Nf3 Nc6 3. Bb5 a6 4. Ba4 Nf6 5. d3 b5 6. Bb3 Be7 7. c3 O-O 8. Bc2 d6
9. h3 h6 10. O-O Bb7 11. Re1 Qd7 12. d4 Rfd8 13. dxe5 Nxe5 14. Bf4 Qc6 15. Nxe5
dxe5 16. Bd2 a5 17. Qe2 b4 18. Be3 Nxe4 19. Bxe4 Qxe4 20. f3 Qc6 21. Bf2 Bf6 22.
cxb4 axb4 23. Nd2 Qc2 24. Ne4 Bxe4 25. fxe4 Qxe2 26. Rxe2 Rd3 27. Bc5 b3 28. a3
Ra4 29. Bb4 Rd4 30. Rc1 Bd8 31. Kf2 Rd3 32. Rc3 Bh4+ 33. Kg1 Rxc3 34. bxc3 Ra8
35. Rb2 Rb8 36. c4 f6 37. c5 c6 38. Rxb3 Be1 39. Kf1 Bd2 40. Ke2 Bc1 41. Kd1 Bf4
42. Ke2 Bc1 43. Kd1 Bf4 44. Ke2 Kf7 45. Kf3 Bd2 46. Ke2 Bc1 {Game drawn by
mutual agreement} 1/2-1/2

[Event "Team 45 45 League T100"]
[Site "Internet Chess Club"]
[Date "2024.06.13"]
[Round "5"]
[White "Constrictor"]
[Black "Denis240964"]
[Result "1-0"]
[WhiteElo "1446"]
[BlackElo "1298"]
[Opening "Queen's pawn game, Darooha variation "]
[ECO "D02"]
[Time "17:00:22"]
[PlyCount "49"]
[TimeControl "2700+45"]

1. Nf3 d5 2. d4 Nf6 3. g3 g6 4. Bg2 c6 5. O-O Bg7 6. Nbd2 O-O 7. c4 Bh6 8. Qc2
Bf5 9. Qb3 Qc8 10. Re1 Ne4 11. Nxe4 Bxe4 12. Bxh6 Re8 13. Nd2 Bf5 14. cxd5 Bh3
15. dxc6 Bxg2 16. Kxg2 Qxc6+ 17. Nf3 b6 18. Qc3 Qb7 19. d5 f6 20. Qb3 g5 21. d6+
e6 22. Rac1 g4 23. Rc7 gxf3+ 24. exf3 Qa6 25. Rxe6 {Black resigns} 1-0

[Event "Team 45 45 League T100"]
[Site "Internet Chess Club"]
[Date "2024.06.14"]
[Round "5"]
[White "tamky70"]
[Black "rgadoury"]
[Result "1-0"]
[WhiteElo "1316"]
[BlackElo "1125"]
[Opening "Ruy Lopez (Spanish opening)"]
[ECO "C60"]
[Time "19:31:31"]
[PlyCount "135"]
[TimeControl "2700+45"]

1. e4 e5 2. Nf3 Nc6 3. Bb5 Bd6 4. d3 a6 5. Ba4 Nf6 6. c3 O-O 7. Nbd2 b5 8. Bc2
Bc5 9. h3 Re8 10. O-O d6 11. Re1 Be6 12. Nf1 a5 13. Ng5 Bd7 14. Bb3 Re7 15. Ne3
a4 16. Bxf7+ Rxf7 17. Nxf7 Kxf7 18. Qf3 Kg8 19. Nf5 Bxf5 20. exf5 Qd7 21. Be3
Bxe3 22. Rxe3 Rf8 23. g4 Ne7 24. c4 b4 25. a3 b3 26. Rd1 c5 27. Rde1 h6 28. Qg3
d5 29. Rxe5 dxc4 30. dxc4 Re8 31. Qf3 Qd4 32. Rxe7 Rxe7 33. Rxe7 Qxb2 34. Qa8+
Kh7 35. Qxa4 Qc1+ 36. Kg2 b2 37. Qa7 Nh5 38. Rb7 b1=Q 39. Rxb1 Qxb1 40. gxh5
Qxf5 41. Qb7 Qg5+ 42. Kh2 Qf4+ 43. Kg2 Qxc4 44. Qb1+ Kg8 45. Qb8+ Kf7 46. Qb7+
Kf6 47. Qf3+ Ke5 48. Qg3+ Kf6 49. Qg6+ Ke5 50. Qxg7+ Ke4 51. Qg4+ Ke5 52. Qg7+
Ke4 53. Qe7+ Kd3 54. Qe3+ Kc2 55. a4 Qd5+ 56. Kh2 Qd6+ 57. f4 Qd2+ 58. Qxd2+
Kxd2 59. a5 c4 60. a6 c3 61. a7 c2 62. a8=Q c1=Q 63. Qd5+ Ke2 64. Qe5+ Kf1 65.
Qb5+ Kf2 66. Qb6+ Kf3 67. Qc6+ Kxf4 68. Qxh6+ {Black resigns} 1-0

[Event "Team 45 45 League T100"]
[Site "Internet Chess Club"]
[Date "2024.06.17"]
[Round "5"]
[White "Manch"]
[Black "clarinetref"]
[Result "0-1"]
[WhiteElo "1392"]
[BlackElo "1514"]
[Opening "St. George defense"]
[ECO "B00"]
[Time "14:07:28"]
[PlyCount "112"]
[TimeControl "2700+45"]

1. e4 a6 2. d4 e6 3. c4 d5 4. Nc3 c6 5. Nf3 dxe4 6. Nxe4 Nd7 7. a3 Ngf6 8. Bg5
Be7 9. Nxf6+ Bxf6 10. Bd3 Bxg5 11. O-O Bf6 12. b4 g6 13. Rc1 Bg7 14. d5 Ne5 15.
Nxe5 Bxe5 16. dxe6 Bxe6 17. Re1 Qf6 18. b5 axb5 19. cxb5 O-O 20. bxc6 bxc6 21.
Rxc6 Rfc8 22. Rxc8+ Rxc8 23. a4 Bd4 24. Qe2 Bd7 25. a5 Bc3 26. Rc1 Qg5 27. Rc2
Qxa5 28. h3 Qa1+ 29. Kh2 Be5+ 30. g3 Rxc2 31. Qxc2 Qb2 32. Qxb2 Bxb2 33. f4 Bd4
34. g4 f5 35. Kg3 Kg7 36. gxf5 Bxf5 37. Bc4 Bc3 38. Bb3 Be1+ 39. Kh2 Kf6 40. Bg8
h6 41. Bc4 Ke7 42. Bb3 Kd6 43. Bf7 Kc5 44. Bb3 Kd4 45. Bd1 Ke3 46. Bb3 Kxf4 47.
Ba4 Bg3+ 48. Kg1 Bxh3 49. Be8 Bf5 50. Kg2 h5 51. Kg1 h4 52. Kg2 h3+ 53. Kg1 h2+
54. Kg2 Be4+ 55. Kf1 h1=Q+ 56. Ke2 Qe1# {White checkmated} 0-1

[Event "Team 45 45 League T100"]
[Site "Internet Chess Club"]
[Date "2024.06.16"]
[Round "5"]
[White "herrahuu"]
[Black "jfkingiii"]
[Result "1/2-1/2"]
[WhiteElo "1336"]
[BlackElo "1428"]
[Opening "Four knights: double Ruy Lopez"]
[ECO "C49"]
[Time "12:00:52"]
[PlyCount "133"]
[TimeControl "2700+45"]

1. e4 e5 2. Nf3 Nf6 3. Nc3 Nc6 4. Bb5 Bb4 5. O-O O-O 6. Re1 d6 7. Bxc6 bxc6 8.
d4 exd4 9. Nxd4 Bxc3 10. bxc3 c5 11. Nf3 Bb7 12. e5 dxe5 13. Qxd8 Rfxd8 14. Nxe5
Nd5 15. Be3 Nxe3 16. Rxe3 Rd2 17. Rc1 Rad8 18. Nd3 c4 19. Nb2 Kf8 20. Nxc4 Rd1+
21. Re1 Rxc1 22. Rxc1 Ba6 23. Ne3 Rd6 24. Rd1 Rxd1+ 25. Nxd1 Ke7 26. Ne3 g6 27.
f4 Kd6 28. Kf2 Bc8 29. Ke2 Be6 30. a3 Kc5 31. Kd2 Kb5 32. Kc1 h6 33. g3 g5 34.
fxg5 hxg5 35. h4 gxh4 36. gxh4 f5 37. Ng2 Kc5 38. Nf4 Bg8 39. h5 Kd6 40. Kd2 Ke5
41. Ke3 Ba2 42. h6 Kf6 43. Ne2 Kg6 44. Kf4 Kxh6 45. Kxf5 Bb1 46. Nd4 c5 47. Ne6
Bxc2+ 48. Ke5 Bd3 49. Nxc5 Bb5 50. a4 Be8 51. a5 Kg6 52. Kd6 Kf5 53. Kc7 Ke5 54.
Kb7 Kd5 55. Na6 Kc4 56. Kxa7 Kxc3 57. Kb6 Bh5 58. Nc5 Be2 59. Ne6 Kb4 60. Nc7
Bf1 61. Nd5+ Ka4 62. Nc3+ Kb4 63. Nd5+ Ka4 64. Ne3 Be2 65. Nd5 Bf1 66. Nc3+ Kb4
67. Nd5+ {Game drawn by repetition} 1/2-1/2

[Event "Team 45 45 League T100"]
[Site "Internet Chess Club"]
[Date "2024.06.16"]
[Round "5"]
[White "thundercat1"]
[Black "Balderdash"]
[Result "0-1"]
[WhiteElo "981"]
[BlackElo "1168"]
[Opening "Queen's pawn: stonewall attack"]
[ECO "D00"]
[Time "10:00:29"]
[PlyCount "56"]
[TimeControl "2700+45"]

1. d4 d5 2. e3 Nf6 3. Bd3 Nc6 4. Bd2 e5 5. Nf3 e4 6. Ne5 exd3 7. Nxd3 Bf5 8. Ne5
Nxe5 9. dxe5 Ne4 10. O-O Nxd2 11. Nxd2 Be7 12. f4 Bc5 13. Rf3 d4 14. Nf1 Bg4 15.
Rf2 Bxd1 16. Rxd1 dxe3 17. Re2 Qxd1 18. b4 Qxe2 19. bxc5 Qxc2 20. Nxe3 Qxc5 21.
Kf2 O-O-O 22. Kf3 Rd3 23. Ke4 Qxe3+ 24. Kf5 g6+ 25. Kg4 h5+ 26. Kg5 Qe4 27. g3
Qf5+ 28. Kh4 Qg4# {White checkmated} 0-1

[Event "Team 45 45 League T100"]
[Site "Internet Chess Club"]
[Date "2024.06.16"]
[Round "5"]
[White "burlap"]
[Black "vollmerj"]
[Result "1/2-1/2"]
[WhiteElo "1487"]
[BlackElo "1520"]
[Opening "Sicilian: Smith-Morra gambit"]
[ECO "B21"]
[Time "21:00:25"]
[PlyCount "60"]
[TimeControl "2700+45"]

1. e4 c5 2. d4 cxd4 3. c3 Nf6 4. e5 Nd5 5. Nf3 e6 6. cxd4 Bb4+ 7. Bd2 O-O 8. Bd3
Nc6 9. O-O f5 10. Nc3 Nxc3 11. bxc3 Be7 12. d5 exd5 13. Qb3 Kh8 14. Qxd5 Qa5 15.
Qxa5 Nxa5 16. c4 Nc6 17. Rfe1 Nb4 18. Re3 f4 19. Bxb4 Bxb4 20. Re2 b6 21. Be4
Rb8 22. Rd1 Ba6 23. Rxd7 Bxc4 24. Bd3 Rbd8 25. Rxd8 Rxd8 26. Bxc4 Rd1+ 27. Ne1
Bxe1 28. Bb3 Rc1 29. h3 Bb4+ 30. Kh2 g5 {Game drawn by mutual agreement} 1/2-1/2

[Event "Team 45 45 League T100"]
[Site "Internet Chess Club"]
[Date "2024.06.15"]
[Round "5"]
[White "isolani"]
[Black "smsxman"]
[Result "1-0"]
[WhiteElo "1465"]
[BlackElo "1346"]
[Opening "Queen's pawn game, Darooha variation "]
[ECO "D02"]
[Time "10:02:35"]
[PlyCount "105"]
[TimeControl "2700+45"]

1. Nf3 Nf6 2. d4 d5 3. c4 Bg4 4. Nc3 Bxf3 5. exf3 e6 6. Qb3 b6 7. cxd5 Nxd5 8.
Nxd5 exd5 9. Bd2 Be7 10. Rc1 O-O 11. Bd3 g6 12. O-O a5 13. Rfe1 Bf6 14. Bh6 Bg7
15. Bxg7 Kxg7 16. Re5 c6 17. Rce1 a4 18. Qc3 Qd6 19. f4 Nd7 20. Re7 b5 21. R1e6
Qc7 22. Rxc6 Qd8 23. Re1 Qa5 24. Qxa5 Rxa5 25. a3 Nf6 26. Rc5 Rd8 27. Rxb5 Raa8
28. Rb7 Re8 29. Rxe8 Rxe8 30. Kf1 Ne4 31. Bxe4 Rxe4 32. Rb4 Rxf4 33. Rxa4 Kf6
34. Rb4 Kf5 35. a4 Ke4 36. a5 Rf6 37. Ra4 Ra6 38. b4 Kd3 39. b5 Re6 40. b6 Kd2
41. Ra2+ Kd3 42. b7 Rc6 43. Ra1 Kxd4 44. b8=Q Re6 45. Qb2+ Kc5 46. Rc1+ Kd6 47.
Qb6+ Ke5 48. Qxe6+ fxe6 49. a6 Ke4 50. a7 Kd3 51. a8=Q d4 52. Ke1 e5 53. Qf3#
{Black checkmated} 1-0

[Event "Team 45 45 League T100"]
[Site "Internet Chess Club"]
[Date "2024.06.17"]
[Round "5"]
[White "Tjet"]
[Black "rjhoro"]
[Result "1-0"]
[WhiteElo "1255"]
[BlackElo "1192"]
[Opening "English opening: Agincourt variation"]
[ECO "A13"]
[Time "17:00:40"]
[PlyCount "145"]
[TimeControl "2700+45"]

1. c4 e6 2. Nf3 d5 3. cxd5 exd5 4. g3 Nf6 5. Bg2 Bc5 6. O-O O-O 7. a3 a5 8. d4
Ba7 9. Bg5 c5 10. dxc5 Bxc5 11. Nc3 Be6 12. Nd4 Bxd4 13. Qxd4 Nc6 14. Qh4 h6 15.
Bxf6 Qxf6 16. Qxf6 gxf6 17. Nxd5 Bxd5 18. Bxd5 Rad8 19. Bxc6 bxc6 20. Rfd1 Kg7
21. Rac1 Rfe8 22. e3 Rxd1+ 23. Rxd1 Rb8 24. Rd2 Rb5 25. Rc2 c5 26. h4 f5 27. Kg2
Kg6 28. a4 Rb4 29. Rxc5 Rxa4 30. Rb5 Ra2 31. Rb6+ f6 32. b4 axb4 33. Rxb4 Ra6
34. Rb8 Kh5 35. Rg8 Re6 36. Kf3 Re4 37. Rf8 Re6 38. Rd8 Kg6 39. Rd4 Kh5 40. Rd7
Kg6 41. Rb7 Re4 42. Rb5 Re5 43. Rb4 Kh5 44. Rb8 Re6 45. Rg8 Re5 46. Ke2 Re6 47.
f4 Rb6 48. Kf3 Rb5 49. Re8 Kg6 50. Kg2 h5 51. Kf3 Kg7 52. Re7+ Kg6 53. Rd7 Rb3
54. Rc7 Rd3 55. Ke2 Rb3 56. Rc8 Kg7 57. Rc7+ Kg6 58. Rd7 Ra3 59. Rd8 Kg7 60. Rd3
Ra6 61. Kf3 Re6 62. Rd4 Kf7 63. e4 fxe4+ 64. Rxe4 Ra6 65. f5 Ra3+ 66. Kf4 Ra6
67. Rb4 Ra7 68. g4 hxg4 69. Kxg4 Re7 70. Kh5 Re5 71. Rb7+ Re7 72. Rxe7+ Kxe7 73.
Kg6 {Black resigns} 1-0

[Event "Team 45 45 League T100"]
[Site "Internet Chess Club"]
[Date "2024.06.14"]
[Round "5"]
[White "Electryon"]
[Black "mongmong"]
[Result "1/2-1/2"]
[WhiteElo "1510"]
[BlackElo "1482"]
[Opening "Queen's pawn"]
[ECO "A40"]
[Time "14:03:38"]
[PlyCount "95"]
[TimeControl "2700+45"]

1. d4 e6 2. Nf3 Nf6 3. Nbd2 d5 4. e3 Bd6 5. Bd3 c6 6. b3 Nbd7 7. Bb2 Qe7 8. a3
e5 9. Nxe5 Nxe5 10. dxe5 Bxe5 11. Bxe5 Qxe5 12. Nf3 Qe7 13. O-O O-O 14. h3 Ne4
15. c4 dxc4 16. Bxc4 Be6 17. Qc2 Bxc4 18. Qxc4 Rfd8 19. b4 h6 20. Rad1 Nf6 21.
Rfe1 Rxd1 22. Rxd1 Rd8 23. Rd4 Rxd4 24. Qxd4 a6 25. Nd2 Qd7 26. Nb3 Qxd4 27.
Nxd4 g6 28. Kf1 Kf8 29. Ke2 Ke7 30. Kd3 Nd7 31. f4 c5 32. bxc5 Nxc5+ 33. Kc4 Kd6
34. Nf3 Nd7 35. e4 f6 36. g4 b6 37. Kd4 b5 38. e5+ fxe5+ 39. fxe5+ Ke6 40. h4
Nb8 41. h5 gxh5 42. gxh5 Nd7 43. Ke4 Nc5+ 44. Kd4 Nd7 45. Ke4 Nc5+ 46. Kd4 Nb3+
47. Kc3 Nc5 48. Kd4 {Game drawn by repetition} 1/2-1/2

[Event "Team 45 45 League T100"]
[Site "Internet Chess Club"]
[Date "2024.06.16"]
[Round "5"]
[White "olivermx"]
[Black "BrerRabbit"]
[Result "1-0"]
[WhiteElo "1440"]
[BlackElo "1289"]
[Opening "Queen's pawn, Mason variation"]
[ECO "D00"]
[Time "11:04:34"]
[PlyCount "57"]
[TimeControl "2700+45"]

1. d4 d5 2. Bf4 Nf6 3. e3 e6 4. Nd2 Bd6 5. Bg3 O-O 6. Bd3 c5 7. c3 Qc7 8. Qc2
Nbd7 9. Ngf3 Bxg3 10. hxg3 h6 11. O-O-O e5 12. dxe5 Nxe5 13. Nxe5 Qxe5 14. Rde1
Qd6 15. f4 Re8 16. Bf5 Bxf5 17. Qxf5 Qe6 18. Qd3 Ne4 19. Nxe4 Qxe4 20. Qf1 Qa4
21. Kb1 Qe4+ 22. Ka1 a6 23. Qf2 Qc4 24. g4 Qe4 25. g3 f6 26. Rh4 Kf7 27. g5 fxg5
28. fxg5+ Kg8 29. Rxe4 {Black resigns} 1-0